 Dungeon Crawl Stone Soup version 0.32-a0-818-gb728d0252e (webtiles) character file.

Game seed: 1513980933256278285

394504 gtommo1 the Marksgnoll (level 23, -8/156 (165) HPs)
             Began as a Gnoll Hunter on Mar 22, 2024.
             Was a High Priest of Hepliaklqana.
             Mangled by a vault warden
             ... wielding a +3 antimagic halberd
              (28 damage)
             ... on level 5 of the Vaults on Mar 24, 2024.
             The game lasted 08:22:24 (53888 turns).

gtommo1 the Marksgnoll (Gnoll Hunter)              Turns: 53888, Time: 08:22:24

HP:   -8/156 (165)  AC: 17    Str: 14    XL:     23   Next: 17%
MP:   1/42          EV: 27    Int: 20    God:    Hepliaklqana [*****.]
Gold: 433           SH:  5    Dex: 28    Spells: 3/53 levels left

rFire   + + .        a - +6 lajatang (speed)
rCold   . . .        (shield currently unavailable)
rNeg    . . .        T - +1 leather armour "Fimoen" {Dex+7}
rPois   +            Q - +0 hat "Eggiff" {rPois Int+3}
rElec   +            f - +2 cloak {Will+}
rCorr   .            N - +2 pair of gloves
SInv    +            S - +2 pair of boots {Fly}
Will    ++++.        V - amulet of the Lion {Reflect Rampage Dex+5 SH+5}
Stlth   +++++++      F - ring "Cueck" {rElec rF++ Dex-5 Slay+4 SInv}
HPRegen 0.46/turn    q - ring of Tumusox {rPois Will++ Int+6}
MPRegen 0.28/turn

%: reflection, rampage
@: flying, hasted, drained, invisible, very quick
A: reduced essence, fangs 1, strong nose, distributed training
}: 2/15 runes: decaying, serpentine
a: Renounce Religion, Recall Ancestor, Ancestor Identity, Transference, Idealise


You were on level 5 of the Vaults.
You worshipped Hepliaklqana.
Hepliaklqana was extremely pleased with you.
You visited 8 branches of the dungeon, and saw 39 of its levels.
You visited 3 bazaars.
You also visited: Ossuary, Bailey, Gauntlet and Volcano.

You collected 4817 gold pieces.
You spent 4384 gold pieces at shops.

Inventory:

Hand Weapons
 a - a +6 lajatang of speed (weapon)
 y - a +3 trishula of holy wrath
 D - the +7 longbow of the Real Monster {heavy, rC+}
   (You found it on level 5 of the Lair of Beasts)

   rC+:       It protects you from cold.
Armour
 f - a +2 cloak of willpower (worn)
 H - the +6 chain mail of Zetrock {rElec rN++ Str+3 Dex-4}
   (You bought it in a shop on level 2 of the Orcish Mines)

   Str+3:     It affects your strength (+3).
   Dex-4:     It affects your dexterity (-4).
   rElec:     It insulates you from electricity.
   rN++:      It greatly protects you from negative energy.
 N - a +2 pair of gloves (worn)
 Q - the +0 hat "Eggiff" (worn) {rPois Int+3}
   (You found it in a Gauntlet)

   Int+3:     It affects your intelligence (+3).
   rPois:     It protects you from poison.
 S - a +2 pair of boots of flying (worn)
 T - the +1 leather armour "Fimoen" (worn) {Dex+7}
   (You took it off a deep elf archer on level 3 of the Elven Halls)

   Dex+7:     It affects your dexterity (+7).
Jewellery
 q - the ring of Tumusox (right hand) {rPois Will++ Int+6}
   (You took it off a deep elf sorcerer on level 3 of the Elven Halls)

   [ring of intelligence]

   Int+6:     It affects your intelligence (+6).
   rPois:     It protects you from poison.
   Will++:    It greatly increases your willpower.
 F - the ring "Cueck" (left hand) {rElec rF++ Dex-5 Slay+4 SInv}
   (You acquired it on level 1 of the Lair of Beasts)

   [ring of slaying]

   Dex-5:     It affects your dexterity (-5).
   Slay+4:    It affects your accuracy & damage with ranged weapons and melee
   (+4).
   rF++:      It greatly protects you from fire.
   rElec:     It insulates you from electricity.
   SInv:      It lets you see invisible.
 O - the ring of Eternal Harmony {Will++ EV+5 Dex-4}
   (You bought it in a shop in a bazaar)

   [ring of evasion]

   EV+5:      It affects your evasion (+5).
   Dex-4:     It affects your dexterity (-4).
   Will++:    It greatly increases your willpower.
 U - a ring of resist corrosion
 V - the amulet of the Lion (around neck) {Reflect Rampage Dex+5 SH+5}
   (You bought it in a shop in a bazaar)

   [amulet of reflection]

   Reflect:   It reflects blocked missile attacks.
   Dex+5:     It affects your dexterity (+5).
   SH+5:      It affects your SH (+5).
   Rampage:   It bestows one free step when moving towards enemies.
Wands
 g - a wand of warping (11)
 o - a wand of digging (9)
 u - a wand of flame (29)
 C - a wand of quicksilver (19)
 J - a wand of charming (11)
Scrolls
 b - 2 scrolls of silence
 d - 5 scrolls of fog
 e - 14 scrolls of teleportation
 h - a scroll of vulnerability
 j - 2 scrolls of poison
 m - 32 scrolls of identify
 r - 3 scrolls of amnesia
 z - 5 scrolls of revelation
 K - a scroll of enchant weapon
 Y - 4 scrolls of enchant armour
Potions
 c - 3 potions of mutation
 i - a potion of invisibility
 l - 24 potions of curing
 n - 5 potions of brilliance
 v - 3 potions of enlightenment
 w - a potion of resistance
 x - 3 potions of might
 B - 4 potions of berserk rage
 E - 2 potions of cancellation
 I - 2 potions of haste
Miscellaneous
 G - a phial of floods
 P - a sack of spiders (inert)


   Skills:
 + Level 16.1 Fighting
 + Level 15.5 Short Blades
 + Level 15.5 Long Blades
 + Level 15.5 Axes
 + Level 15.5 Maces & Flails
 + Level 15.5 Polearms
 + Level 15.5 Staves
 + Level 17.4 Ranged Weapons
 + Level 15.5 Throwing
 + Level 15.5 Armour
 + Level 16.1 Dodging
 + Level 15.7 Stealth
 + Level 15.5 Shields
 + Level 15.5 Unarmed Combat
 + Level 15.5 Spellcasting
 + Level 13.2 Conjurations
 + Level 13.2 Hexes
 + Level 13.2 Summonings
 + Level 13.2 Necromancy
 + Level 13.2 Translocations
 + Level 13.2 Fire Magic
 + Level 13.2 Ice Magic
 + Level 13.2 Air Magic
 + Level 13.2 Earth Magic
 + Level 13.2 Alchemy
 + Level 16.8 Invocations
 + Level 15.5 Evocations
 + Level 14.3 Shapeshifting


You had 3 spell levels left.
You knew the following spells:

 Your Spells              Type           Power      Damage    Failure   Level
a - Blink                 Tloc           100%       N/A       1%          2
b - Passage of Golubria   Tloc           62%        N/A       1%          4
c - Plasma Beam           Fire/Air       31%        2x1d44    3%          6
d - Vhi's Electric Charg  Tloc/Air       100%       N/A       1%          4
e - Olgreb's Toxic Radia  Alch           62%        N/A       1%          4
f - Tukima's Dance        Hex            62%        N/A       1%          3
g - Passwall              Erth           62%        N/A       1%          3
h - Dimensional Bullseye  Hex/Tloc       31%        N/A       1%          4
i - Stone Arrow           Conj/Erth      100%       3d13      1%          3
j - Slow                  Hex            100%       N/A       1%          1
k - Iskenderun's Mystic   Conj/Tloc      62%        2d13      1%          4
l - Dispersal             Tloc           31%        N/A       3%          6
m - Summon Cactus Giant   Summ           31%        N/A       3%          6

Your spell library contained the following spells:

 Spells                   Type           Power      Damage    Failure   Level
 Necrotise                Necr           100%       1d9       1%          1
 Sting                    Conj/Alch      100%       1d9       1%          1
 Cigotuvi's Dreadful Rot  Necr/Alch/Air  100%       N/A       1%          2
 Lesser Beckoning         Tloc           100%       N/A       1%          2
 Mercury Vapours          Alch/Air       100%       N/A       1%          2
 Momentum Strike          Conj/Tloc      100%       3d10      1%          2
 Scorch                   Fire           100%       2d9       1%          2
 Call Canine Familiar     Summ           62%        N/A       1%          3
 Gell's Gravitas          Tloc           62%        N/A       1%          3
 Mephitic Cloud           Conj/Alch/Air  62%        N/A       1%          3
 Sigil of Binding         Hex            62%        N/A       1%          3
 Teleport Other           Tloc           62%        N/A       1%          3
 Vampiric Draining        Necr           62%        2d10      1%          3
 Volatile Blastmotes      Fire/Tloc      100%       2d18      1%          3
 Animate Armour           Summ/Erth      100%       N/A       1%          4
 Cause Fear               Hex            31%        N/A       1%          4
 Flame Wave               Conj/Fire      62%        2d14      1%          4
 Leda's Liquefaction      Alch/Erth      31%        N/A       1%          4
 Martyr's Knell           Necr/Summ      62%        N/A       1%          4
 Petrify                  Alch/Erth      62%        N/A       1%          4
 Sticky Flame             Fire/Alch      62%        2d10      1%          4
 Alistair's Intoxication  Alch           41%        N/A       1%          5
 Arcjolt                  Conj/Air       31%        1d41      1%          5
 Borgnjor's Vile Clutch   Necr/Erth      31%        N/A       1%          5
 Curse of Agony           Necr           62%        N/A       1%          5
 Freezing Cloud           Conj/Ice/Air   31%        6-21      1%          5
 Iskenderun's Battlesphe  Conj           62%        2d11      1%          5
 Metabolic Englaciation   Hex/Ice        31%        N/A       1%          5
 Summon Forest            Summ/Tloc      31%        N/A       1%          5
 Summon Mana Viper        Hex/Summ       62%        N/A       1%          5
 Yara's Violent Unravell  Hex/Alch       31%        3d13      1%          5
 Bombard                  Conj/Erth      31%        9d6       3%          6
 Eringya's Noxious Bog    Alch           31%        4d6       3%          6
 Sculpt Simulacrum        Ice/Alch       31%        N/A       3%          6
 Ozocubu's Refrigeration  Ice            31%        4d14      17%         7
 Spellforged Servitor     Conj/Summ      31%        N/A       17%         7
 Disjunction              Tloc           31%        N/A       78%         8
 Lehudib's Crystal Spear  Conj/Erth      31%        10d8      78%         8
 Polar Vortex             Ice            31%        12d4*     100%        9


Dungeon Overview and Level Annotations

Branches:
Dungeon (15/15)            Temple (1/1) D:5            Lair (5/5) D:10
  Swamp (4/4) Lair:3        Snake (4/4) Lair:3        Slime (0/5) Lair:4
    Orc (2/2) D:11            Elf (3/3) Orc:2        Vaults (5/5) D:14
  Crypt (0/3) Vaults:3     Depths (0/4) D:15        Ossuary (visited)
 Bailey (visited)         Volcano (visited)         Gauntlet (visited)

Altars:
Ashenzari
Cheibriados
Dithmenos
Elyvilon
Fedhas
Gozag
Hepliaklqana
Kikubaaqudgha
Makhleb
Nemelex Xobeh
Okawaru
Qazlal
Ru
Sif Muna
Trog
Uskayaw
Vehumet
Wu Jian
Xom
Yredelemnul
Zin
The Shining One

Shops:
D:7 ?   D:9 [?=   D:10 [   Orc:1 !*   Orc:2 [(?[   Elf:2 !   Elf:3 !
Snake:2 [?=[?[[!   Vaults:1 (   Vaults:2 *   Vaults:3 !

Annotations:
D:8 1 runed translucent door, sirdedalot's ghost, novice CoHu
D:13 3 runed translucent doors, olddryhag's ghost, journeyman CoWn
Snake:2 3 runed translucent doors, gimp's ghost, adept BaEE
Vaults:3 8 runed translucent doors, ForkInBrain's ghost, adept DsAr
Vaults:4 8 runed translucent doors, Qecvurom's ghost, adept DrRe


Innate Abilities, Weirdness & Mutations

Your life essence is reduced to manifest your ancestor. (-10% HP)
You have very sharp teeth.
Your uncanny sense of smell can sniff out nearby items.
Your experience applies equally to all skills.


Message History

The phantasmal warrior completely misses you.
Your wolf spider hits the phantasmal warrior.
Your wolf spider bites the phantasmal warrior!
The vault sentinel shoots a bolt.
The bolt hits your wolf spider!
You hear a faint sloshing from your phial of floods as it returns to readiness.
As you read the scroll of fog, it dissolves into smoke.
The vault warden hits your jumping spider with a +3 antimagic halberd!!!
Your jumping spider dies!
Your jumping spider's corpse disappears in a puff of smoke!
Your wolf spider hits the phantasmal warrior!
The phantasmal warrior is destroyed!
You swap places.
The vault warden hits you from afar with a +3 antimagic halberd.
* * * LOW HITPOINT WARNING * * *
You feel your power leaking away.
Press: ? - help, v - describe, . - travel
Here: a vault warden, wielding a +3 antimagic halberd and wearing a +0 plate armour (ally target)
The floor, spattered with blood.
Okay, then.
Okay, then.
Okay, then.
Okay, then.
Aiming: Quicksilver Bolt
Press: ? - help, Shift-Dir - straight line, f - shadow wraith
Aim: a shadow wraith (purple smoke, slightly transparent, 85% to hit)
Okay, then.
Aiming: Warp Space
Press: ? - help, Shift-Dir - straight line, f - shadow wraith
Aim: a shadow wraith (purple smoke, slightly transparent, chance to blink: 90%) Space twists violently!
The rupture engulfs the shadow wraith!!
The shadow wraith blinks!
The shadow wraith is heavily damaged.
You hear a shout!
Your wolf spider barely misses the vault warden.
Your wolf spider misses the vault warden.
Okay, then.
The vault warden attacks as it pursues you!
The vault warden hits you from afar with a +3 antimagic halberd!!
You die...
Hepliaklqana delivers you to your ancestors.

∆∆##......
∆##......##
#........##
#.......#
#...W.# ##...##
p ##.....##∆
..#...§§§.#
.p..C§§s@##
.....)§pw##
.......s§§##
...#...#§§§#
#.###.###§§...#
## ##....#
.....# ....p#
#######


You could see a vault warden (ally target), a shadow wraith (invisible), a
friendly steelbarb worm (summoned) and 2 friendly wolf spiders.

Vanquished Creatures
  Nikola (Swamp:3)
  Norris (Vaults:1)
  2 sphinxes
  Agnes (D:15)
  Aizul (Vaults:2)
  2 nagarajas
  3 deep elf sorcerers (Elf:3)
  7 vault wardens
  6 ironbound preservers
  An orc warlord (Vaults:3)
  An angel (Vaults:4)
  3 deep elf elementalists (Elf:3)
  2 stone giants
  Nessos (D:12)
  2 deep elf demonologists
  3 formless jellyfish
  2 eleionomae
  6 ironbound thunderhulks
  4 deep elf death magi
  A deep elf annihilator (Elf:3)
  A war gargoyle (Vaults:2)
  A minotaur (Gauntlet)
  Snorg (Lair:5)
  4 dire elephants
  Azrael (Snake:2)
  An ettin (D:15)
  A crystal guardian (Vaults:2)
  3 deep elf high priests (Elf:3)
  Fannar (D:11)
  2 entropy weavers
  6 great orbs of eyes
  A peacekeeper (Vaults:2)
  9 hydras
  10 yaktaur captains
  2 ghost crabs
  8 vault guards
  7 anacondas
  4 alligators
  2 death knights
  An ogre mage (D:14)
  6 centaur warriors
  7 ironbound frosthearts
  5 two-headed ogres
  A salamander tyrant (Snake:4)
  A tengu warrior (D:15)
  6 death yaks
  18 dancing weapons
  2 boulder beetles
  7 shock serpents
  2 orc high priests (Orc:2)
  An occultist (D:15)
  8 naga warriors
  Sonja (Orc:1)
  11 deep elf knights
  8 naga sharpshooters
  A death drake (Swamp:3)
  9 deep trolls
  2 goliath frogs
  A skeletal warrior (D:14)
  9 mana vipers
  6 deep elf archers
  3 arcanists
  2 anaconda skeletons (Volcano)
  17 ironbound convokers
  23 deep elf pyromancers
  Pikel (D:6)
  2 bog bodies (Swamp:4)
  7 lindwurms
  18 deep elf zephyrmancers
  3 orc knights
  4 swamp dragons
  A necromancer (D:15)
  2 orc sorcerers (Orc:2)
  9 ugly things
  A manticore (D:13)
  12 salamanders
  A cyclops (D:11)
  A will-o-the-wisp (Swamp:1)
  9 elephants
  Maurice (D:10)
  2 kobold blastminers (Orc:2)
  2 meliai (D:15)
  4 guardian serpents (Snake:4)
  26 black mambas
  11 naga magi
  8 vault sentinels
  A torpor snail (Gauntlet)
  8 cane toads
  5 gargoyles (Volcano)
  2 rime drakes
  18 yaktaurs
  Jeremiah (D:6)
  3 freezing wraiths
  Maggie (D:8)
  7 komodo dragons
  A bloated husk (Swamp:1)
  2 trolls
  5 polar bears
  A raiju (Orc:2)
  4 tyrant leeches
  4 hornets
  15 blink frogs
  A harpy skeleton (Volcano)
  3 dream sheep
  10 spriggans
  2 jumping spiders
  2 centaur simulacra
  15 slime creatures
  3 wraiths
  A fire elemental (Snake:1)
  20 yaks
  4 shadows
  4 wyverns
  3 basilisks
  2 hogs (D:14)
  4 wargs
  4 vampire mosquitoes
  17 nagas
  12 swamp worms
  11 water moccasins
  17 orc warriors
  5 swamp drakes
  An ice beast (D:6)
  3 sky beasts
  6 black bears
  2 laughing skulls
  3 ogres
  3 centaurs
  13 boggarts
  24 wolves
  2 phantoms
  3 lemures (D:6)
  A kobold brigand (D:8)
  3 weeping skulls
  Blork the orc (D:6)
  7 bullfrogs
  3 gnoll sergeants (D:7)
  A cane toad simulacrum (Gauntlet)
  2 water moccasin zombies (Ossuary)
  4 scorpions
  6 wights
  10 killer bees
  2 troll skeletons (Volcano)
  2 spriggan skeletons (Volcano)
  2 howler monkeys (D:8)
  An electric eel (Lair:1)
  2 bombardier beetles
  2 jellies
  4 gnoll boudas
  12 orc priests
  Crazy Yiuf (D:4)
  10 hounds
  Ijyb (D:3)
  Terence (D:3)
  2 iguanas
  27 orc wizards
  A bullfrog simulacrum (Ossuary)
  A crocodile zombie (Ossuary)
  2 mummies (Ossuary)
  A howler monkey zombie (D:9)
  28 gnolls
  12 adders
  A shadow imp (D:6)
  A white imp (D:5)
  An adder zombie (Ossuary)
  3 dart slugs
  2 ribbon worms
  42 orcs
  6 bats
  11 endoplasms
  3 giant cockroaches
  2 gnoll zombies (Ossuary)
  7 goblins
  9 hobgoblins
  7 jackals
  22 kobolds
  7 quokkas
  14 ball pythons
  5 frilled lizards
  A jackal zombie (Ossuary)
  An orc zombie (Ossuary)
  3 rats
976 creatures vanquished.

Vanquished Creatures (collateral kills)
  Mennas (Vaults:2)
  Mara (Swamp:4)
  Jory (Vaults:4)
  A tentacled monstrosity (Swamp:4)
  Zenata (Vaults:4)
  A deep elf master archer (Elf:3)
  A quicksilver dragon (Vaults:5)
  Kirke (D:14)
  2 sphinxes
  A nagaraja (Snake:4)
  A daeva (Vaults:4)
  5 deep elf sorcerers
  4 vault wardens
  3 deep elf elementalists (Elf:3)
  An orc warlord (Vaults:2)
  3 formless jellyfish
  4 ironbound preservers
  3 ironbound thunderhulks
  A deep elf death mage (Elf:3)
  A war gargoyle (Vaults:4)
  4 eleionomae
  3 dire elephants
  4 deep elf annihilators
  4 yaktaur captains
  A deep elf high priest (Elf:3)
  2 salamander tyrants
  A great orb of eyes (Vaults:4)
  An entropy weaver (Vaults:1)
  5 vault guards
  6 alligators
  15 hydras
  3 centaur warriors
  A peacekeeper (Vaults:4)
  2 ghost crabs
  A catoblepas (Lair:4)
  3 ironbound frosthearts
  10 dancing weapons
  A tengu warrior (D:15)
  A boulder beetle (Vaults:3)
  4 anacondas
  3 death yaks
  A two-headed ogre (D:11)
  A spriggan berserker (Swamp:4)
  2 naga warriors
  2 shock serpents
  3 naga sharpshooters
  3 skysharks (Vaults:1)
  11 deep elf knights
  3 goliath frogs
  A skeletal warrior (Volcano)
  3 salamander mystics (Snake:4)
  3 bog bodies
  6 mana vipers
  8 lindwurms
  A glowing orange brain (Vaults:3)
  A spriggan druid (Swamp:4)
  3 naga ritualists
  9 deep elf archers
  An arcanist (Vaults:2)
  4 swamp dragons
  4 phantasmal warriors
  A necromancer (Vaults:3)
  3 deep trolls
  4 ironbound convokers
  8 orc knights
  An obsidian bat (Orc:2)
  14 deep elf pyromancers
  A manticore (D:15)
  15 deep elf zephyrmancers
  2 will-o-the-wisps
  2 orc sorcerers (Orc:2)
  2 ugly things (D:14)
  A meliai (D:15)
  11 salamanders
  3 cyclopes
  8 black mambas
  2 elephants
  2 guardian serpents
  4 naga magi
  8 vault sentinels
  3 cane toads
  An orange demon (Orc:2)
  An unseen horror zombie (D:9)
  4 yaktaurs
  A kobold demonologist (D:13)
  2 komodo dragons
  2 trolls
  A bloated husk (Swamp:1)
  2 polar bears
  A troll (shapeshifter) (Elf:2)
  A hornet (Lair:5)
  4 tyrant leeches
  9 blink frogs
  2 dream sheep
  A jumping spider (Vaults:1)
  14 slime creatures
  4 spriggans (Lair:5)
  4 wraiths
  A vampire (D:13)
  A water elemental (Elf:3)
  An air elemental (Elf:3)
  A centaur simulacrum (Gauntlet)
  A hog (D:14)
  8 yaks
  A fire bat (Orc:2)
  A fire elemental (Snake:1)
  2 redbacks (Vaults:4)
  A steam dragon (Lair:4)
  2 basilisks
  7 vampire mosquitoes
  6 nagas
  4 swamp worms
  3 hell hounds
  4 water moccasins
  8 orc warriors
  A meliai simulacrum (Gauntlet)
  9 swamp drakes
  A black bear (Lair:5)
  13 wolves
  3 boggarts
  A weeping skull (D:9)
  2 wights
  2 troll skeletons (Volcano)
  2 jellies (Lair:4)
  A centaur zombie (D:9)
  A human zombie (D:9)
  5 orc priests
  10 orc wizards
  A boggart simulacrum (Gauntlet)
  A mummy (D:9)
  16 orcs
  2 endoplasms (Lair:4)
  2 kobolds (Bailey)
456 creatures vanquished.

Vanquished Creatures (others)
  A torpor snail (shapeshifter) (Vaults:5)
  2 bloated husks
  A swamp worm (Swamp:1)
  A hell hound (Snake:2)
  A boggart (Vaults:2)
  2 ancestors (D:8)
  50 battlemagi
  A foxfire (Swamp:1)
59 creatures vanquished.

Grand Total: 1491 creatures vanquished

Notes
Turn   | Place    | Note
-------+----------+-------------------------------------------
     0 | D:1      | gtommo1 the Gnoll Hunter began the quest for the Orb.
     0 | D:1      | Reached XP level 1. HP: 20/20 MP: 1/1
    74 | D:1      | Reached XP level 2. HP: 26/26 MP: 2/2
   355 | D:1      | Reached XP level 3. HP: 31/31 MP: 3/3
   933 | D:2      | Reached skill level 1 in Invocations
   966 | D:2      | Reached skill level 1 in Short Blades
   966 | D:2      | Reached skill level 1 in Long Blades
   966 | D:2      | Reached skill level 1 in Axes
   966 | D:2      | Reached skill level 1 in Maces & Flails
   966 | D:2      | Reached skill level 1 in Polearms
   966 | D:2      | Reached skill level 1 in Staves
   966 | D:2      | Reached skill level 1 in Throwing
   966 | D:2      | Reached skill level 1 in Armour
   966 | D:2      | Reached skill level 1 in Shields
   966 | D:2      | Reached skill level 1 in Unarmed Combat
   966 | D:2      | Reached skill level 1 in Spellcasting
   966 | D:2      | Reached skill level 1 in Evocations
   973 | D:2      | Found a glowing silver altar of Zin.
  1050 | D:2      | Reached skill level 1 in Shapeshifting
  1050 | D:2      | Reached XP level 4. HP: 38/38 MP: 5/5
  1126 | D:2      | Reached skill level 1 in Conjurations
  1126 | D:2      | Reached skill level 1 in Hexes
  1126 | D:2      | Reached skill level 1 in Summonings
  1126 | D:2      | Reached skill level 1 in Necromancy
  1126 | D:2      | Reached skill level 1 in Translocations
  1126 | D:2      | Reached skill level 1 in Fire Magic
  1126 | D:2      | Reached skill level 1 in Ice Magic
  1126 | D:2      | Reached skill level 1 in Air Magic
  1126 | D:2      | Reached skill level 1 in Earth Magic
  1126 | D:2      | Reached skill level 1 in Alchemy
  1505 | D:3      | Reached XP level 5. HP: 30/43 MP: 7/7
  1694 | D:3      | Noticed Ijyb
  1699 | D:3      | Noticed Terence
  1838 | D:3      | Killed Ijyb
  1876 | D:3      | Killed Terence
  1943 | D:3      | Reached XP level 6. HP: 50/50 MP: 8/8
  2138 | D:3      | Found a white marble altar of Elyvilon.
  2435 | D:4      | Reached skill level 5 in Fighting
  2435 | D:4      | Reached skill level 5 in Dodging
  2592 | D:4      | Found a hide-covered altar of Uskayaw.
  2627 | D:4      | Found a runed translucent door.
  2628 | D:4      | Noticed Crazy Yiuf
  2639 | D:4      | Killed Crazy Yiuf
  2640 | D:4      | Reached XP level 7. HP: 36/56 MP: 10/10
  3414 | D:4      | Found an opulent altar of Gozag.
  3480 | D:4      | Reached skill level 9 in Ranged Weapons
  3672 | D:5      | Entered Level 5 of the Dungeon
  3701 | D:5      | Found a staircase to the Ecumenical Temple.
  3740 | D:5      | Found a shadowy altar of Dithmenos.
  3932 | D:5      | Reached XP level 8. HP: 63/63 MP: 12/12
  4210 | D:5      | Found a sand-covered staircase.
  4221 | Ossuary  | Entered an ossuary
  4639 | Temple   | Entered the Ecumenical Temple
  4725 | Temple   | Became a worshipper of Hepliaklqana the Forgotten
  5205 | D:6      | Noticed Jeremiah
  5205 | D:6      | Noticed Pikel
  5214 | D:6      | Killed Jeremiah
  5227 | D:6      | Killed Pikel
  5228 | D:6      | Reached XP level 9. HP: 63/69 MP: 13/15
  5294 | D:6      | Reached skill level 5 in Stealth
  5322 | D:6      | Noticed Blork the orc
  5334 | D:6      | Killed Blork the orc
  5372 | D:6      | Learned a level 2 spell: Blink
  5809 | D:6      | Reached skill level 5 in Invocations
  6352 | D:7      | Found a sparkling altar of Nemelex Xobeh.
  6582 | D:7      | Reached skill level 5 in Short Blades
  6582 | D:7      | Reached skill level 5 in Long Blades
  6582 | D:7      | Reached skill level 5 in Axes
  6582 | D:7      | Reached skill level 5 in Maces & Flails
  6582 | D:7      | Reached skill level 5 in Polearms
  6582 | D:7      | Reached skill level 5 in Staves
  6582 | D:7      | Reached skill level 5 in Throwing
  6582 | D:7      | Reached skill level 5 in Armour
  6582 | D:7      | Reached skill level 5 in Shields
  6582 | D:7      | Reached skill level 5 in Unarmed Combat
  6582 | D:7      | Reached skill level 5 in Spellcasting
  6582 | D:7      | Reached skill level 5 in Evocations
  6596 | D:7      | Reached XP level 10. HP: 77/77 MP: 17/17
  6673 | D:7      | Reached skill level 10 in Ranged Weapons
  6935 | D:7      | Found Zynaett's Magic Scroll Emporium.
  6939 | D:7      | Bought a scroll of blinking for 90 gold pieces
  6939 | D:7      | Bought a scroll of blinking for 90 gold pieces
  7126 | Temple   | Identified a scroll of acquirement
  7183 | Temple   | Acquired a +4 longbow of freezing
  7366 | D:8      | Reached * piety under Hepliaklqana
  7390 | D:8      | Found a blossoming altar of Fedhas.
  7391 | D:8      | Noticed Maggie
  7396 | D:8      | Killed Maggie
  7595 | D:8      | Found a runed translucent door.
  7595 | D:8      | Noticed sirdedalot's ghost (novice CoHu)
  7996 | D:8      | Reached skill level 5 in Shapeshifting
  8133 | D:8      | Found a shimmering blue altar of Sif Muna.
  8469 | D:9      | Found Amioqiux's Jewellery Shoppe.
  8470 | D:9      | Found Vikathi's Armour Shop.
  8484 | D:9      | Found Lolavo's Magic Scroll Boutique.
  8492 | D:9      | Reached ** piety under Hepliaklqana
  8493 | D:9      | Remembered your ancestor Balrog as a battlemage
  8638 | D:9      | Found a flagged portal.
  8647 | Bailey   | Entered a bailey
  8654 | Bailey   | Noticed an orc knight
  8675 | Bailey   | Noticed an orc knight
  8680 | Bailey   | Killed an orc knight
  8681 | Bailey   | Reached skill level 5 in Conjurations
  8681 | Bailey   | Reached skill level 5 in Hexes
  8681 | Bailey   | Reached skill level 5 in Summonings
  8681 | Bailey   | Reached skill level 5 in Necromancy
  8681 | Bailey   | Reached skill level 5 in Translocations
  8681 | Bailey   | Reached skill level 5 in Fire Magic
  8681 | Bailey   | Reached skill level 5 in Ice Magic
  8681 | Bailey   | Reached skill level 5 in Air Magic
  8681 | Bailey   | Reached skill level 5 in Earth Magic
  8681 | Bailey   | Reached skill level 5 in Alchemy
  8681 | Bailey   | Reached XP level 11. HP: 76/76 MP: 18/20
  8684 | Bailey   | Learned a level 2 spell: Mercury Vapours
  8816 | Bailey   | Killed an orc knight
  9037 | D:9      | Noticed a two-headed ogre
  9040 | D:9      | Killed a two-headed ogre
  9048 | D:9      | Bought a scroll of teleportation for 42 gold pieces
  9048 | D:9      | Bought a scroll of teleportation for 42 gold pieces
  9048 | D:9      | Bought a scroll of blinking for 105 gold pieces
  9442 | D:9      | Found a basalt altar of Yredelemnul.
  9534 | D:10     | Entered Level 10 of the Dungeon
  9832 | D:10     | Found a shimmering altar of Xom.
  9861 | D:10     | Found a staircase to the Lair.
  9866 | D:10     | Found Suirulir's Armour Shoppe.
  9919 | D:10     | Noticed Maurice
  9924 | D:10     | Killed Maurice
 10429 | D:11     | Noticed Fannar
 10469 | Lair:1   | Entered Level 1 of the Lair of Beasts
 10539 | Lair:1   | Reached *** piety under Hepliaklqana
 10558 | Lair:1   | Found a dark tunnel.
 10566 | Volcano  | Entered a volcano
 10618 | Volcano  | Reached skill level 11 in Ranged Weapons
 10630 | Volcano  | Learned a level 3 spell: Gell's Gravitas
 10667 | Volcano  | Reached XP level 12. HP: 82/84 MP: 22/22
 10964 | Lair:1   | Acquired the ring "Cueck" {rElec rF++ Dex-5 Slay+4 SInv}
 12127 | Lair:2   | Noticed an eight-headed hydra
 12140 | Lair:2   | Killed a seven-headed hydra
 12274 | Lair:2   | Reached XP level 13. HP: 90/90 MP: 25/25
 12382 | Lair:2   | Reached **** piety under Hepliaklqana
 12503 | Lair:2   | Learned a level 4 spell: Vhi's Electric Charge
 13080 | Lair:3   | Found a staircase to the Snake Pit.
 13221 | Lair:3   | Learned a level 4 spell: Olgreb's Toxic Radiance
 13225 | Lair:3   | Learned a level 3 spell: Tukima's Dance
 13239 | Lair:3   | Found a staircase to the Swamp.
 13378 | Lair:3   | Reached skill level 12 in Ranged Weapons
 13994 | Lair:4   | Found an ornate altar of the Wu Jian Council.
 14172 | Lair:4   | Reached skill level 10 in Fighting
 14172 | Lair:4   | Reached skill level 10 in Dodging
 14662 | Lair:4   | Learned a level 3 spell: Passwall
 14741 | Lair:4   | Found a staircase to the Slime Pits.
 14956 | Lair:4   | Reached XP level 14. HP: 99/99 MP: 27/27
 15041 | Lair:4   | Reached skill level 10 in Invocations
 15742 | Lair:5   | Entered Level 5 of the Lair of Beasts
 16202 | Lair:5   | Noticed Snorg
 16244 | Lair:5   | Killed Snorg
 16480 | Lair:5   | Reached skill level 10 in Stealth
 16609 | Lair:5   | Identified the +7 longbow of the Real Monster {heavy, rC+}
 17460 | D:11     | Killed Fannar
 17645 | D:11     | You are sucked into a shaft and drop 1 floor!
 17659 | D:12     | Noticed Nessos
 17673 | D:12     | Killed Nessos
 17737 | D:12     | Reached ***** piety under Hepliaklqana
 18015 | D:11     | Found the +5 robe of Night {Dark Will+ SInv}
 18099 | D:11     | Found a staircase to the Orcish Mines.
 18372 | Orc:1    | Entered Level 1 of the Orcish Mines
 18428 | Orc:1    | Found Zebivuen's CLEARANCE SALE!.
 18454 | Orc:1    | Bought a scroll of brand weapon for 38 gold pieces
 18537 | Orc:2    | Entered Level 2 of the Orcish Mines
 18644 | Orc:2    | Found a staircase to the Elven Halls.
 18655 | Orc:2    | Reached skill level 10 in Short Blades
 18655 | Orc:2    | Reached skill level 10 in Long Blades
 18655 | Orc:2    | Reached skill level 10 in Axes
 18655 | Orc:2    | Reached skill level 10 in Maces & Flails
 18655 | Orc:2    | Reached skill level 10 in Polearms
 18655 | Orc:2    | Reached skill level 10 in Staves
 18655 | Orc:2    | Reached skill level 10 in Throwing
 18655 | Orc:2    | Reached skill level 10 in Armour
 18655 | Orc:2    | Reached skill level 10 in Shields
 18655 | Orc:2    | Reached skill level 10 in Unarmed Combat
 18655 | Orc:2    | Reached skill level 10 in Spellcasting
 18655 | Orc:2    | Reached skill level 10 in Evocations
 18689 | Orc:2    | Found a flickering gateway to a bazaar.
 18701 | Bazaar   | Entered a bazaar
 18701 | Bazaar   | Found Qatar's Antique Armour Shop.
 18701 | Bazaar   | Found Beutodoa's General Store.
 18701 | Bazaar   | Found Hiczuqoe's Magic Scroll Boutique.
 18701 | Bazaar   | Found Jerul's Book Boutique.
 18718 | Bazaar   | Bought a transparent cloak for 228 gold pieces
 18718 | Bazaar   | Identified the +0 cloak of Damp Intercession {rPois Int+3}
                  | (You bought it in a shop in a bazaar)
 18732 | Bazaar   | Bought a heavily runed leather armour for 168 gold pieces
 18732 | Bazaar   | Identified the +0 leather armour of the Lost Path {rElec
                  | MP-9 Str+3} (You bought it in a shop in a bazaar)
 18816 | Orc:2    | Reached skill level 13 in Ranged Weapons
 19306 | Orc:2    | Found Hamnyhuq's Antique Armour Boutique.
 19309 | Orc:2    | Found Ugiesiahi's Weapon Shop.
 19312 | Orc:2    | Reached XP level 15. HP: 106/106 MP: 29/29
 19313 | Orc:2    | Found Juetak's Magic Scroll Boutique.
 19313 | Orc:2    | Found Wamy's Antique Armour Shop.
 19856 | Orc:2    | Found a shimmering altar of Xom.
 19922 | Orc:1    | Found Natwathi's Distillery.
 19928 | Orc:1    | Noticed Sonja
 19933 | Orc:1    | Killed Sonja
 20176 | Orc:2    | Bought a scroll of revelation for 97 gold pieces
 20176 | Orc:2    | Bought a scroll of teleportation for 39 gold pieces
 20183 | Orc:2    | Bought a steaming scale mail for 252 gold pieces
 20183 | Orc:2    | Identified the +1 scale mail of Oqopoeda {Str+4 Int-4} (You
                  | bought it in a shop on level 2 of the Orcish Mines)
 20185 | Orc:2    | Bought a transparent chain mail for 389 gold pieces
 20185 | Orc:2    | Identified the +6 chain mail of Zetrock {rElec rN++ Str+3
                  | Dex-4} (You bought it in a shop on level 2 of the Orcish
                  | Mines)
 21349 | D:13     | Found a runed translucent gate.
 21349 | D:13     | Found a runed translucent gate.
 21350 | D:13     | Found a runed translucent gate.
 21350 | D:13     | Found an ancient bone altar of Kikubaaqudgha.
 21352 | D:13     | Noticed a lich
 21352 | D:13     | Noticed a lich
 21353 | D:13     | Noticed olddryhag's ghost (journeyman CoWn)
 21353 | D:13     | Noticed a lich
 21353 | D:13     | Noticed a lich
 21666 | D:13     | Found a sacrificial altar of Ru.
 22668 | D:14     | Noticed Kirke
 22676 | D:14     | Killed Kirke
 23261 | D:14     | Found a gate to the Vaults.
 23647 | D:15     | Entered Level 15 of the Dungeon
 23874 | D:15     | Found a staircase to the Depths.
 23883 | D:15     | Noticed Agnes
 23894 | D:15     | Killed Agnes
 24038 | D:15     | Found a gate leading to a gauntlet.
 24047 | Gauntlet | Entered a Gauntlet
 24047 | Gauntlet | Found a transporter.
 24061 | Gauntlet | Found a transporter.
 24074 | Gauntlet | Found a transporter.
 24075 | Gauntlet | Found a transporter.
 24082 | Gauntlet | Found a transporter.
 24103 | Gauntlet | Found a transporter.
 24114 | Gauntlet | Found a transporter.
 24126 | Gauntlet | Found a transporter.
 24145 | Gauntlet | Found a transporter.
 24159 | Gauntlet | Found a transporter.
 24208 | Gauntlet | Found a transporter.
 24223 | Gauntlet | Found a transporter.
 24236 | Gauntlet | Found a transporter.
 24590 | Gauntlet | Identified the +0 hat "Eggiff" {rPois Int+3}
 24655 | Gauntlet | Got the Almanac of Obstruction
 24658 | Gauntlet | Got the Grimoire of the Blind Marksman
 24935 | Temple   | Reached skill level 10 in Shapeshifting
 24935 | Temple   | Reached XP level 16. HP: 114/114 MP: 29/31
 24936 | Temple   | Reached XP level 17. HP: 119/119 MP: 29/32
 24942 | Temple   | Learned a level 4 spell: Dimensional Bullseye
 25411 | D:15     | Identified the ring of Paorhul {rPois Will+}
 26091 | Snake:1  | Entered Level 1 of the Snake Pit
 26147 | Snake:1  | Reached XP level 18. HP: 126/126 MP: 33/33
 26177 | Snake:1  | Reached skill level 14 in Ranged Weapons
 26619 | Lair:3   | Learned a level 3 spell: Stone Arrow
 28041 | Snake:2  | Reached ****** piety under Hepliaklqana
 28086 | Snake:2  | Noticed Azrael
 28722 | Snake:2  | Found Goxkau's Magic Scroll Shoppe.
 28744 | Snake:2  | Killed Azrael
 28872 | Snake:2  | Found Poum's Armour Shoppe.
 28876 | Snake:2  | Found Fupel's Jewellery Emporium.
 28877 | Snake:2  | Found Ciqoac's Armour Shoppe.
 28883 | Snake:2  | Identified the +6 scale mail "Jobreth" {Int+4}
 28949 | Snake:2  | Found Zituax's Armour Shop.
 29063 | Snake:2  | Found a runed translucent gate.
 29063 | Snake:2  | Found a runed translucent gate.
 29063 | Snake:2  | Found a runed translucent gate.
 29064 | Snake:2  | Noticed gimp's ghost (adept BaEE)
 29075 | Snake:2  | Reached skill level 10 in Conjurations
 29075 | Snake:2  | Reached skill level 10 in Hexes
 29075 | Snake:2  | Reached skill level 10 in Summonings
 29075 | Snake:2  | Reached skill level 10 in Necromancy
 29075 | Snake:2  | Reached skill level 10 in Translocations
 29075 | Snake:2  | Reached skill level 10 in Fire Magic
 29075 | Snake:2  | Reached skill level 10 in Ice Magic
 29075 | Snake:2  | Reached skill level 10 in Air Magic
 29075 | Snake:2  | Reached skill level 10 in Earth Magic
 29075 | Snake:2  | Reached skill level 10 in Alchemy
 29100 | Snake:2  | Found Yqumer's Distillery.
 29123 | Snake:2  | Found Qokaq's Armour Emporium.
 29147 | Snake:2  | Bought a scroll of blinking for 82 gold pieces
 29147 | Snake:2  | Bought a scroll of revelation for 82 gold pieces
 29147 | Snake:2  | Bought a scroll of blinking for 82 gold pieces
 29161 | Snake:2  | Found Pudowuops's Magic Scroll Shop.
 30239 | Snake:4  | Entered Level 4 of the Snake Pit
 30239 | Snake:4  | Found a flickering gateway to a bazaar.
 30257 | Bazaar   | Entered a bazaar
 30257 | Bazaar   | Found Nejososh's Antique Armour Boutique.
 30439 | Bazaar   | Found Eqemin's General Store.
 30439 | Bazaar   | Found Ziut's Jewellery Shoppe.
 30458 | Bazaar   | Found Alouryco's Distillery.
 30466 | Bazaar   | Bought a potion of heal wounds for 80 gold pieces
 30470 | Bazaar   | Found Situuts's Antique Weapon Emporium.
 30512 | Bazaar   | Bought the ring of Eternal Harmony {Will++ EV+5 Dex-4} for
                  | 583 gold pieces
 31009 | Snake:2  | Bought a scroll of blinking for 112 gold pieces
 31009 | Snake:2  | Bought a scroll of enchant weapon for 112 gold pieces
 31508 | Snake:4  | Reached XP level 19. HP: 134/134 MP: 35/35
 31568 | Snake:4  | Got a serpentine rune of Zot
 32624 | Temple   | Upgraded the game from 0.32-a0-814-g0968bab981 to
                  | 0.32-a0-818-gb728d0252e
 32654 | Temple   | Learned a level 4 spell: Passage of Golubria
 32755 | D:7      | Bought a scroll of enchant weapon for 90 gold pieces
 32922 | Swamp:1  | Entered Level 1 of the Swamp
 33658 | Swamp:2  | Reached skill level 15 in Ranged Weapons
 34018 | Swamp:2  | Learned a level 1 spell: Slow
 34688 | Swamp:3  | Noticed Nikola
 34707 | Swamp:3  | Killed Nikola
 35467 | Swamp:4  | Entered Level 4 of the Swamp
 35540 | Swamp:4  | Noticed Mara
 35545 | Swamp:4  | Noticed gtommo1's illusion
 35553 | Swamp:4  | Killed Mara
 35875 | Swamp:4  | Reached XP level 20. HP: 132/142 MP: 29/37
 35975 | Swamp:4  | Got a decaying rune of Zot
 36603 | Elf:1    | Entered Level 1 of the Elven Halls
 36802 | Snake:2  | Bought a +0 cloak of willpower for 126 gold pieces
 38056 | Elf:1    | Learned a level 4 spell: Iskenderun's Mystic Blast
 38898 | Elf:1    | Found an ancient bone altar of Kikubaaqudgha.
 39464 | Elf:2    | Found Ibbecoeg's Distillery.
 39469 | Elf:2    | Noticed a Brimstone Fiend
 39668 | Elf:2    | Found a huge runed translucent gate.
 39668 | Elf:2    | Found a huge runed translucent gate.
 39668 | Elf:2    | Found a huge runed translucent gate.
 39668 | Elf:2    | Found a huge runed translucent gate.
 39668 | Elf:2    | Found a huge runed translucent gate.
 39930 | Elf:2    | Bought a potion of haste for 140 gold pieces
 40387 | Elf:2    | Reached skill level 15 in Invocations
 40396 | Elf:2    | Reached skill level 16 in Ranged Weapons
 41068 | Elf:3    | Entered Level 3 of the Elven Halls
 41068 | Elf:3    | Found Mienales's Distillery.
 41072 | Elf:3    | Bought a potion of enlightenment for 95 gold pieces
 41264 | Elf:3    | Paralysed by an air elemental for 1 turns
 41266 | Elf:3    | Paralysed by an air elemental for 1 turns
 41271 | Elf:3    | Identified the +1 leather armour "Fimoen" {Dex+7}
 41287 | Elf:3    | Reached XP level 21. HP: 133/149 MP: 26/38
 42317 | Elf:3    | Identified the ring of Tumusox {rPois Will++ Int+6}
 42432 | Elf:3    | Identified the +2 great sword of Res Nullius {antimagic,
                  | rPois rF+ Will+ Str+2}
 42432 | Elf:3    | Identified the +1 leather armour of the Evening Star
                  | {+Blink Int+3}
 42646 | Elf:3    | Identified the +8 falchion of Disembowelment {speed, *Rage
                  | Str+2 Int+4}
 42657 | Elf:3    | Got Agukkoco's Directory of Molten Takwin
 42924 | Elf:3    | Identified the +4 arbalest "Kukh" {freeze, Dex+3}
 42933 | Elf:3    | Identified the staff "Siugel" {rElec rPois Dex+3 Alchemy}
 42935 | Elf:3    | Identified the staff of Governance {^Contam rF+ rC+ Str+3
                  | SInv Fire}
 42946 | Elf:3    | Identified the +0 scale mail "Waikliyj" {*Slow rElec Str+6
                  | Stlth+}
 43547 | Snake:2  | Bought the +0 plate armour of the Sun {rF+ Will++} for 561
                  | gold pieces
 44571 | Vaults:1 | Entered Level 1 of the Vaults
 44752 | Vaults:1 | Learned a level 6 spell: Plasma Beam
 44759 | Vaults:1 | Learned a level 6 spell: Dispersal
 44854 | Vaults:1 | Reached skill level 15 in Fighting
 44854 | Vaults:1 | Reached skill level 15 in Dodging
 45030 | Vaults:1 | Identified the +0 chain mail of Amelioration {rN++ Int+4
                  | Slay-6}
 45085 | Vaults:1 | Found Pure Pimn's Weapon Emporium.
 45348 | Vaults:1 | Noticed Norris
 45356 | Vaults:1 | Killed Norris
 46884 | Vaults:2 | Noticed Mennas
 46963 | Vaults:2 | Reached XP level 22. HP: 157/157 MP: 40/40
 46977 | Vaults:2 | Identified the serpent talisman "Xoelopt" {Str+3 Dex+4
                  | SInv}
 46977 | Vaults:2 | Noticed Aizul
 46984 | Vaults:2 | Killed Aizul
 47147 | Vaults:2 | Killed Mennas
 47148 | Vaults:2 | Reached skill level 15 in Stealth
 47800 | Vaults:2 | Found Bienutuj's Assorted Antiques.
 48227 | Vaults:2 | Reached skill level 15 in Short Blades
 48227 | Vaults:2 | Reached skill level 15 in Long Blades
 48227 | Vaults:2 | Reached skill level 15 in Axes
 48227 | Vaults:2 | Reached skill level 15 in Maces & Flails
 48227 | Vaults:2 | Reached skill level 15 in Polearms
 48227 | Vaults:2 | Reached skill level 15 in Staves
 48227 | Vaults:2 | Reached skill level 15 in Throwing
 48227 | Vaults:2 | Reached skill level 15 in Armour
 48227 | Vaults:2 | Reached skill level 15 in Shields
 48227 | Vaults:2 | Reached skill level 15 in Unarmed Combat
 48227 | Vaults:2 | Reached skill level 15 in Spellcasting
 48227 | Vaults:2 | Reached skill level 15 in Evocations
 48380 | Vaults:2 | Reached skill level 17 in Ranged Weapons
 48955 | Vaults:3 | Found a staircase to the Crypt.
 49491 | Vaults:3 | Found a large runed translucent door.
 49491 | Vaults:3 | Found a large runed translucent door.
 49491 | Vaults:3 | Found a large runed translucent door.
 49491 | Vaults:3 | Found a large runed translucent door.
 49491 | Vaults:3 | Noticed ForkInBrain's ghost (adept DsAr)
 49492 | Vaults:3 | Found a large runed translucent door.
 49492 | Vaults:3 | Found a large runed translucent door.
 49492 | Vaults:3 | Found a large runed translucent door.
 49492 | Vaults:3 | Found a large runed translucent door.
 49592 | Vaults:3 | Found Idumehy's Distillery.
 50605 | Vaults:4 | Found a large runed translucent door.
 50605 | Vaults:4 | Found a large runed translucent door.
 50605 | Vaults:4 | Found a large runed translucent door.
 50605 | Vaults:4 | Found a large runed translucent door.
 50606 | Vaults:4 | Found a large runed translucent door.
 50606 | Vaults:4 | Found a large runed translucent door.
 50606 | Vaults:4 | Found a large runed translucent door.
 50606 | Vaults:4 | Found a large runed translucent door.
 50606 | Vaults:4 | Noticed Qecvurom's ghost (adept DrRe)
 50778 | Vaults:4 | Noticed Jory
 50784 | Vaults:4 | Noticed Zenata
 50786 | Vaults:4 | Killed Jory
 50789 | Vaults:4 | Killed Zenata
 51044 | Vaults:4 | Found a flickering gateway to a bazaar.
 51053 | Bazaar   | Entered a bazaar
 51064 | Bazaar   | Found Ebeat's Assorted Antiques.
 51064 | Bazaar   | Found Guywn's Jewellery Shop.
 51123 | Bazaar   | Found Acsil's Book Boutique.
 51123 | Bazaar   | Found Xirulih's Distillery.
 51189 | Bazaar   | Bought the amulet of the Lion {Reflect Rampage Dex+5 SH+5}
                  | for 427 gold pieces
 51277 | Bazaar   | Bought a scroll of enchant armour for 232 gold pieces
 52002 | Vaults:4 | Found a runed translucent gate.
 52002 | Vaults:4 | Found a runed translucent gate.
 52002 | Vaults:4 | Found a runed translucent gate.
 52043 | Vaults:4 | Reached XP level 23. HP: 165/165 MP: 42/42
 52144 | Vaults:4 | Learned a level 6 spell: Summon Cactus Giant
 52545 | Vaults:4 | Found a glowing golden altar of the Shining One.
 53629 | Vaults:5 | Entered Level 5 of the Vaults
 53888 | Vaults:5 | Mangled by a vault warden

Illustrated notes

Levels and vault maps discovered:
D:1:      psy_arrival_heroes, layout_loops_ring
D:2:      layout_rooms, basic_altar, minmay_quadrilaterals
D:3:      layout_loops_ring, lemuel_coloured_pillars_altar, nicolae_half_adder,
          uniq_terence, uniq_ijyb
D:4:      layout_loops_cross, mainiacjoe_overflow_six_doors_small,
          kennysheep_mini, uniq_crazy_yiuf_cottage
D:5:      nicolae_BIG_FREAKIN_CUBE, layout_basic, marbit_many_paths,
          minmay_temple_entry_sparse_star, mainiacjoe_ossuary_entry_dusty_tomb,
          minivault_24, corexii_leaking_fountain, minivault_1
D:6:      layout_basic, uniq_jeremiah, uniq_pikel, uniq_blork_the_orc
D:7:      layout_cave_pools, mainiacjoe_overflow_catwalk, serial_gnoll_camp,
          gnoll_camp_mini_doghouse, gnoll_camp_mini_shop, gnoll_camp_mini_basic,
          gnoll_camp_mini_house, gnoll_camp_huts_moat
D:8:      layout_loops_corners, hellmonk_sif_muna_bookshelves,
          mainiacjoe_overflow_boulevard, gammafunk_ghost_grave, serial_rivers,
          chequers_serial_rivers_large_a, chequers_serial_rivers_micro_d,
          chequers_serial_rivers_micro_d, chequers_serial_rivers_large_b,
          uniq_maggie
D:9:      layout_cave_pools, lemuel_mausoleum_altar_yredelemnul, serial_shops,
          shop, shop, nicolae_shop_hallway_plus, enter_bailey_2
D:10:     layout_cave_pools, mainiacjoe_overflow_paths, lair_entry_dummy,
          serial_shops, shop, uniq_maurice
D:11:     layout_rooms, orc_0_dummy, hellmonk_guarded_unrand_night, uniq_fannar
D:12:     layout_loops_corners, uniq_nessos
D:13:     layout_gridville, gammafunk_ghost_crypt, nicolae_ru_awakened_eye
D:14:     layout_long_grid, david_vaults_2, minmay_misc_feat_pillars, uniq_kirke
D:15:     hangedman_depths_entry_civil_slaughter, layout_basic,
          gauntlet_entry_generic, kennysheep_flooded_box, minmay_lindwurm_lava,
          uniq_agnes
Temple:   nicolae_temple_ecumenical_triangle
Lair:1:   layout_gridlike, nicolae_volcano_entry_s_turn,
          nicolae_quartered_pool_little, cheibrodos_lair_caveside_slide,
          lemuel_fruit_tree
Lair:2:   layout_small_grid, serial_bayou_shore_b
Lair:3:   layout_roguey, mainiacjoe_swamp_entry_lozenge_pond,
          guppyfry_snake_entry_garden, dreamdust_gnoll_shepherd,
          grunt_megastairs_1
Lair:4:   layout_small_grid, slime_entry_2, basic_altar,
          portal_ice_cave_entry_pillars_1
Lair:5:   minmay_lair_end_enchanted_forest, layout_hall_layers,
          grunt_megastairs_5, infiniplex_staircase_pool, lemuel_fruit_fields,
          uniq_snorg
Swamp:1:  layout_basic_swamp, evilmike_swamp_ruin_house_6, swamp_pool_3
Swamp:2:  layout_basic_swamp, serial_swamp_ruin, evilmike_swamp_ruin_rubble_2,
          evilmike_swamp_ruin_house_1, hangedman_swamp_ruin_hall, swamp_pool_5,
          nicolae_swamp_baby_hydras
Swamp:3:  layout_basic_swamp, evilmike_swamp_ruin_rubble_1, swamp_pool_5,
          nicolae_swamp_soggy_hallways, nicolae_swamp_long_stream,
          nicolae_swamp_decorative_isthmus, infiniplex_staircase_pool_2,
          uniq_nikola
Swamp:4:  swamp_basic_johnstein, layout_basic_swamp, uniq_mara
Snake:1:  layout_chambers, grunt_megastairs_3
Snake:2:  layout_rooms, serial_shops, nicolae_shop_trees,
          nicolae_shop_back_alley_shop, shop, nicolae_shop_trees,
          ebering_ghost_rock_garden, nicolae_take_the_stairs, minmay_shop_star,
          serial_bayou_shore_b, uniq_azrael
Snake:3:  layout_cave_town, serial_bayou_crossing
Snake:4:  snake_pit_salamanders_mu, layout_onion, serial_shops, bzr_entry_dummy
Orc:1:    layout_diamond_mine, serial_shops, shop, nicolae_shop_clearance,
          uniq_sonja
Orc:2:    st_orc_mages, layout_caves, serial_shops, bzr_firewalk,
          regret_index_xom_of_box
Elf:1:    eino_elf_arrival_shootout, layout_geoelf_diagonals, basic_altar,
          portal_desolation_entry_nicolae_slug,
          hangedman_elven_crosses_minicolossus
Elf:2:    elven_hall_of_blades_hangedman_alternative
          [mumra_blade_entry_bloodbath], layout_loops_cross, serial_shops,
          shop_statue
Elf:3:    minmay_elf_hall_dome, layout_rooms, serial_shops, shop
Vaults:1: nicolae_vaults_surprise_closet, nicolae_vaults_turnstiles,
          nicolae_vaults_tetromino_T_2, vaults_room_door_hall,
          nicolae_vaults_three_branches, nicolae_vaults_windows_and_doors_thing,
          v_rooms_5, v_misc_14, nicolae_vaults_display_case,
          layout_vaults_chaotic_city, serial_shops, nicolae_shop_peninsula,
          uniq_norris
Vaults:2: ontoclasm_vaults_twist, nicolae_vaults_six-pack,
          nicolae_vaults_network_periphery, nicolae_vaults_layer_cake_slice,
          v_rooms_5, ontoclasm_vaults_hangar, nicolae_vaults_closet_pinwheel_1,
          v_misc_14, v_misc_33, grunt_vaults_focal, nicolae_vaults_what_the_h,
          layout_vaults_maze, serial_shops, nicolae_diamond_shop, uniq_margery,
          uniq_aizul, uniq_mennas
Vaults:3: advil_vaults_ghost_lines, nicolae_vaults_sesquioval_fish,
          nicolae_vaults_disjoint_gnomons, vaults_room_boxed,
          ontoclasm_vaults_ring_square, ontoclasm_vaults_ring_large,
          nicolae_vaults_little_squares_4, minmay_crypt_entry_simple_plaza,
          vaults_standard_mumra_x, v_misc_5, ontoclasm_vaults_fault,
          nicolae_vaults_tangram_2, nicolae_vaults_sesquioval_fish,
          layout_vaults_big_cross, serial_shops, shop
Vaults:4: advil_vaults_ghost_lines, vaults_room_grid,
          abrahamwl_protected_by_tso_2, vaults_room_door_hall,
          nicolae_vaults_hexular_roomagon, vaults_room_corners,
          nicolae_vaults_layer_cake_slice, nicolae_vaults_sesquioval_fish,
          layout_vaults_omnibox, serial_shops, bzr_entry_islet, uniq_jory,
          uniq_zenata
Vaults:5

Skill      XL: |  1  2  3  4  5  6  7  8  9 10 11 12 13 14 15 16 17 18 19 20 21 22 |
---------------+-------------------------------------------------------------------+-----
Invocations    | 1 2 3 4 5 6 7 8 9 10 11 12 13 14 15 16 | 16.8
Short Blades   | 1 2 3 4 5 6 7 8 9 10 11 12 13 14 15 | 15.5
Long Blades    | 1 2 3 4 5 6 7 8 9 10 11 12 13 14 15 | 15.5
Axes           | 1 2 3 4 5 6 7 8 9 10 11 12 13 14 15 | 15.5
Maces & Flails | 1 2 3 4 5 6 7 8 9 10 11 12 13 14 15 | 15.5
Polearms       | 1 2 3 4 5 6 7 8 9 10 11 12 13 14 15 | 15.5
Staves         | 1 2 3 4 5 6 7 8 9 10 11 12 13 14 15 | 15.5
Throwing       | 1 2 3 4 5 6 7 8 9 10 11 12 13 14 15 | 15.5
Armour         | 1 2 3 4 5 6 7 8 9 10 11 12 13 14 15 | 15.5
Shields        | 1 2 3 4 5 6 7 8 9 10 11 12 13 14 15 | 15.5
Unarmed Combat | 1 2 3 4 5 6 7 8 9 10 11 12 13 14 15 | 15.5
Spellcasting   | 1 2 3 4 5 6 7 8 9 10 11 12 13 14 15 | 15.5
Evocations     | 1 2 3 4 5 6 7 8 9 10 11 12 13 14 15 | 15.5
Shapeshifting  | 1 2 3 4 5 6 7 8 9 10 11 12 13 14 | 14.3
Conjurations   | 1 2 3 4 5 6 7 8 9 10 11 12 13 | 13.2
Hexes          | 1 2 3 4 5 6 7 8 9 10 11 12 13 | 13.2
Summonings     | 1 2 3 4 5 6 7 8 9 10 11 12 13 | 13.2
Necromancy     | 1 2 3 4 5 6 7 8 9 10 11 12 13 | 13.2
Translocations | 1 2 3 4 5 6 7 8 9 10 11 12 13 | 13.2
Fire Magic     | 1 2 3 4 5 6 7 8 9 10 11 12 13 | 13.2
Ice Magic      | 1 2 3 4 5 6 7 8 9 10 11 12 13 | 13.2
Air Magic      | 1 2 3 4 5 6 7 8 9 10 11 12 13 | 13.2
Earth Magic    | 1 2 3 4 5 6 7 8 9 10 11 12 13 | 13.2
Alchemy        | 1 2 3 4 5 6 7 8 9 10 11 12 13 | 13.2
Stealth        | 3 4 5 6 7 8 9 10 11 12 13 14 15 | 15.7
Fighting       | 5 6 7 8 9 10 11 12 13 14 15 16 | 16.1
Dodging        | 5 6 7 8 9 10 11 12 13 14 15 16 | 16.1
Ranged Weapons | 9 10 11 12 13 14 15 16 17 | 17.4

Action                     |  1- 3 |  4- 6 |  7- 9 | 10-12 | 13-15 | 16-18 | 19-21 | 22-24 || total
---------------------------+-------+-------+-------+-------+-------+-------+-------+-------++-------
  Melee: Trident           |       |       |    28 |       |       |       |       |       ||    28
         Bite              |       |       |     1 |       |    26 |    10 |    33 |    22 ||    92
         Lajatang          |       |       |       |    13 |   136 |    60 |   193 |    83 ||   485
   Fire: Shortbow          |    85 |   189 |   432 |    76 |       |       |       |       ||   782
         Longbow           |       |       |       |   375 |   733 |   290 |   638 |   251 ||  2287
  Throw: Throwing net      |       |     1 |       |       |     1 |     3 |     5 |       ||    10
         Boomerang         |       |     1 |    42 |     3 |       |       |       |       ||    46
   Cast: Mercury Vapours   |       |       |       |     4 |       |       |       |       ||     4
         Gell's Gravitas   |       |       |       |     3 |     5 |       |     1 |       ||     9
         Olgreb's Toxic Ra |       |       |       |       |    14 |       |     3 |     1 ||    18
         Blink             |       |       |       |       |     5 |       |     9 |     5 ||    19
         Vhi's Electric Ch |       |       |       |       |     1 |       |     2 |       ||     3
         Tukima's Dance    |       |       |       |       |     1 |       |     2 |       ||     3
         Stone Arrow       |       |       |       |       |       |    21 |    16 |     1 ||    38
         Dimensional Bulls |       |       |       |       |       |     1 |     4 |       ||     5
         Iskenderun's Myst |       |       |       |       |       |       |     3 |     3 ||     6
         Passage of Golubr |       |       |       |       |       |       |     2 |       ||     2
         Slow              |       |       |       |       |       |       |     1 |     1 ||     2
         Plasma Beam       |       |       |       |       |       |       |     9 |    28 ||    37
         Summon Cactus Gia |       |       |       |       |       |       |       |     5 ||     5
         Dispersal         |       |       |       |       |       |       |       |     3 ||     3
 Invoke: Ancestor Life: Ba |       |       |       |     1 |       |       |       |       ||     1
         Ancestor Identity |       |       |       |     1 |       |       |       |       ||     1
         Recall Ancestor   |       |       |       |     2 |     5 |     4 |     3 |     4 ||    18
         Idealise          |       |       |       |       |     5 |     7 |    16 |     6 ||    34
         Transference      |       |       |       |       |     1 |       |     1 |       ||     2
  Evoke: Wand              |       |       |     6 |     5 |     8 |     1 |    24 |     6 ||    50
         Phial of floods   |       |       |       |       |     2 |       |     2 |     2 ||     6
         Phantom mirror    |       |       |       |       |     1 |       |       |       ||     1
         Sack of spiders   |       |       |       |       |       |       |     3 |     1 ||     4
    Use: Scroll            |       |     1 |    12 |    17 |    17 |     5 |    22 |    11 ||    85
         Potion            |       |     1 |     1 |     7 |    12 |     5 |    11 |     7 ||    44
   Stab: Distracted        |       |       |       |     1 |     3 |       |     8 |       ||    12
         Invisible         |       |       |       |       |     1 |       |       |       ||     1
         Fleeing           |       |       |       |       |       |     1 |       |       ||     1
 Armour: Leather armour    |    14 |       |       |       |       |       |    41 |    90 ||   145
         Ring mail         |     1 |    52 |   163 |    13 |       |       |       |       ||   229
         Skin              |       |     4 |       |       |       |       |       |       ||     4
         Steam dragon scal |       |       |       |    79 |   156 |       |       |       ||   235
         Chain mail        |       |       |       |       |   112 |   206 |   420 |       ||   738
  Dodge: Dodged            |    25 |    43 |   162 |   116 |   305 |    97 |   271 |   119 ||  1138
  Block: Other             |     3 |    22 |    52 |    42 |    87 |    33 |    63 |    27 ||   329
         Reflection        |       |     1 |     2 |     4 |     1 |     4 |    15 |     4 ||    31

Table legend: (Time is in decaauts)
 A = Elapsed time spent in this place.
 B = Non-inter-level travel time spent in this place.
 C = Inter-level travel time spent in this place.
 D = Time resting spent in this place.
 E = Time spent auto-exploring this place.
 F = Levels seen in this place.
 G = Mean time per level.
                   A        B        C        D        E       F      G
               +--------+--------+--------+--------+--------+-----+--------+
         Total |  54725 |  44266 |  10459 |  10176 |  13618 |  46 | 1189.7 |
       Dungeon |  19470 |  13334 |   6136 |   2211 |   5359 |  15 | 1298.0 |
        Temple |    739 |    621 |    118 |    143 |      0 |   1 |  739.0 |
          Lair |   7334 |   5561 |   1773 |   1055 |   1902 |   5 | 1466.8 |
         Swamp |   3293 |   3151 |    142 |    516 |   1034 |   4 |  823.2 |
     Snake Pit |   5914 |   5246 |    668 |   1381 |   1712 |   4 | 1478.5 |
  Orcish Mines |   2621 |   2145 |    476 |    746 |    558 |   2 | 1310.5 |
   Elven Halls |   5522 |   4895 |    627 |   1505 |    709 |   3 | 1840.7 |
        Vaults |   7898 |   7383 |    515 |   2255 |   1989 |   5 | 1579.6 |
        Bazaar |    548 |    548 |      0 |    170 |    132 |   3 |  182.7 |
       Ossuary |    126 |    126 |      0 |      2 |      0 |   1 |  126.0 |
        Bailey |    311 |    311 |      0 |      0 |      0 |   1 |  311.0 |
       Volcano |    296 |    296 |      0 |     48 |      0 |   1 |  296.0 |
      Gauntlet |    647 |    647 |      0 |    142 |    223 |   1 |  647.0 |
               +--------+--------+--------+--------+--------+-----+--------+

Top non-repeatable levels by time:
     D:5: 2292 daAuts
 Snake:1: 2262 daAuts
Vaults:1: 2207 daAuts
Vaults:2: 1934 daAuts
Vaults:3: 1916 daAuts
     D:7: 1884 daAuts
   Elf:1: 1864 daAuts
   Elf:3: 1846 daAuts
   Elf:2: 1810 daAuts
Vaults:4: 1786 daAuts
 Snake:4: 1688 daAuts
  Lair:3: 1675 daAuts
  Lair:2: 1644 daAuts
     D:8: 1622 daAuts
   Orc:2: 1600 daAuts
